cohdb
Replays
Latest Replays
All Replays
Popular Replays
Top Player Replays
Match Explorer
How It Works
Community
CoH3 Stats
Reddit
Sign in to upload your games and track your stats! →
Sign in with Steam
Match 47405629
Unlisted
Match 47405629
Overview
Messages
Build Orders
End
Kradschützen Motorcycle Team
Panzergrenadier Squad
Panzergrenadier Squad
Selects Panzerjäger Kommand Battlegroup
Selects Blockade Equipment
Panzerpioneer Squad
Construct Light Support Kompanie
2.5-tonne Medical Truck
Selects Tank Busters
Panzerjäger Mechanized Group
Construct Mechanized Kompanie
Veteran Squad Leaders
Mr.Faraam
Serika
ChaBoi
BOSSTTRUPPEN
雷曼尔EX
SC2-Protoss
ckdgus813
cheez931
0
0
Comments
sign in to comment!
No comments posted yet!